 Dungeon Crawl Stone Soup version 0.30-a0-778-g2ef04afb54 (webtiles) character file.

Game seed: 5605453448767723715

764 kae the Digger (level 7, -1/36 HPs)
             Began as a Gargoyle Earth Elementalist on Feb 15, 2023.
             Slain by a gnoll
             ... wielding a +0 halberd
             ... led by a gnoll sergeant
              (3 damage)
             ... on level 6 of the Dungeon.
             The game lasted 00:03:44 (4076 turns).

kae the Digger (Gargoyle Earth Elementalist)        Turns: 4076, Time: 00:03:44

Health: -1/36      AC:  9    Str: 12    XL:     7   Next: 81%
Magic:  3/13       EV: 11    Int: 23    God:
Gold:   128        SH:  0    Dex: 10    Spells: 8/14 levels left

rFire   . . .      SeeInvis .    f - +2 dagger (venom)
rCold   . . .      Faith    .    (no shield)
rNeg    + . .      Spirit   .    a - +0 robe
rPois   ∞          Reflect  .    h - +2 helmet
rElec   +          Harm     .    (no cloak)
rCorr   .          Rampage  .    (no gloves)
Will    .....                    (no boots)
Stlth   ++                       (no amulet)
HPRegen 0.26/turn                I - +6 ring of intelligence
MPRegen 0.13/turn                (no ring)

@: no status effects
A: sickness immunity, AC +4, negative energy resistance 1, electricity
resistance, torment resistance 1, petrification resistance
a: no special abilities


You were on level 6 of the Dungeon.
You visited 1 branch of the dungeon, and saw 6 of its levels.

You collected 212 gold pieces.
You spent 84 gold pieces at shops.


Innate Abilities, Weirdness & Mutations

You are immune to sickness and miasma.
Your stone body is resilient. (AC +4)
You are immune to poison.
You resist negative energy. (rN+)
You are resistant to electric shocks. (rElec)
You are resistant to unholy torment.
You are immune to petrification.


   Skills:
 - Level 1.5 Dodging
 - Level 2.1 Stealth
 + Level 4.4 Spellcasting
 * Level 5.9 Conjurations
 - Level 0.7 Transmutations
 + Level 6.4 Earth Magic


You had 8 spell levels left.
You knew the following spells:

 Your Spells              Type           Power      Damage    Failure   Level
a - Sandblast             Erth           68%        2d15      1%          1
b - Stone Arrow           Conj/Erth      66%        3d11      2%          3
c - Passwall              Tmut/Erth      17%        N/A       3%          2

Your spell library contained the following spells:

 Spells                   Type           Power      Damage    Failure   Level
 Summon Small Mammal      Summ           20%        N/A       10%         1
 Wereblood                Tmut           8%         N/A       11%         2
 Petrify                  Tmut/Erth      21%        N/A       22%         4
 Call Canine Familiar     Summ           5%         N/A       30%         3
 Summon Guardian Golem    Hex/Summ       5%         N/A       30%         3
 Animate Dead             Necr           5%         N/A       69%         4
 Haunt                    Necr/Summ      2%         N/A       100%        7
 Summon Hydra             Summ           2%         N/A       100%        7
 Infestation              Necr           2%         N/A       100%        8
 Sublimation of Blood     Necr           Unusable   N/A       N/A         2

Inventory:

Hand Weapons
 f - a +2 dagger of venom (weapon)
   (You found it on level 2 of the Dungeon)
Missiles
 c - 34 stones
 e - 6 boomerangs
 v - 4 poisoned darts
Armour
 a - a +0 robe (worn)
 h - a +2 helmet (worn)
   (You found it on level 2 of the Dungeon)
Magical Staves
 p - a staff of poison {!a}
   (You found it on level 4 of the Dungeon)
Jewellery
 I - a +6 ring of intelligence (left hand)
   (You found it on level 3 of the Dungeon)
 T - an amulet of faith {!P}
   (You found it on level 3 of the Dungeon)
Scrolls
 g - 3 scrolls of teleportation {@r4}
 m - a scroll of identify {@r1}
 s - a scroll of blinking {!r}
 u - 2 scrolls of noise {!r}
Potions
 b - 2 potions of magic
 d - a potion of cancellation
 i - a potion of heal wounds {@q2}
 k - a potion of berserk rage {!q}
 l - a potion of invisibility
 n - 2 potions of brilliance
 o - 2 potions of lignification {!q}
 q - a potion of resistance {unknown}
 r - 4 potions of curing {@q1}
 t - a potion of flight {unknown}
 w - a potion of attraction {unknown}

Dungeon Overview and Level Annotations

Branches:
Dungeon (6/15) Zot: 26984
 Temple: D:4-7

Altars:
Makhleb
Uskayaw
Wu Jian

Shops:
D:4 *   D:5 :

Annotations:
D:3 1 runed translucent door, zkyp's ghost, amateur BaMo

**,,,,........## *,* *,,*
*,,,,,.........# *,***,****
*,,,,,.........# *,**,,*,,,
*,,,,,.........# ****,,,,,,,,,
*,,,,,....)....#***,,,,,,,,,,,,
*,,,,,.........*,,,,**,,,,,,,*,
**,,,,......g.#*,*****,,,,,,,,,
**,,,......g.##,* **,,,>,****,
****#######g@#,***,,,,,**,,,,
##........,,,**,,,,
#....###.,,,,,,>,,
***##.....*,,,,,,,,,,
*******,,,,§......,,,,*,***
*,,,,,,,,~~≈§≈§≈≈§,,,,,,* *
******,,,,,,~,§.....≈,,*,,** *
*,,,,,,,,**,~,♣♣♣.♣.≈,,,,**
*,,,,,,<,,,,~,*,,,*,~,,*,*


You could see a gnoll sergeant and 2 gnolls.


Message History

Things that are here:
a +0 falchion; a +0 leather armour; the human corpse of Eustachio
There is a stone staircase leading down here.
You climb downwards.
There is a stone staircase leading up here.
As you read the scroll labelled ADDAUNWIOG, it crumbles to dust.
You hear a loud clanging noise!
It was a scroll of noise.
You hear a shout! x7; You hear a bark!
You hear a shout!
You hear a croak.
You hear a shout! x2
A gnoll comes into view. It is wielding a +0 whip.
Unknown command.
As you read the scroll labelled ZYAKACSO TEFEI, it crumbles to dust.
You feel aware of your surroundings.
You sensed 1 altar.
It was a scroll of magic mapping.
A gnoll is nearby!
A gnoll sergeant comes into view. It is wielding a +0 spear.
Casting: Sandblast (safe; 1% risk of failure)
Confirm with . or Enter, or press ? or * to list all spells.
Aiming: Sandblast (safe; 1% risk of failure)
Press: ? - help, Shift-Dir - straight line, f - gnoll
Aim: a gnoll, wielding a +0 whip (86% to hit)
The blast of sand hits the gnoll!
A jelly comes into view.
A gnoll comes into view. It is wielding a +0 flail.
A gnoll comes into view. It is wielding a +0 halberd. 😎 MP[-1]
You lost 1 mp, and now have 12/13 mp.
Casting: Sandblast (safe; 1% risk of failure)
Confirm with . or Enter, or press ? or * to list all spells.
Aiming: Sandblast (safe; 1% risk of failure)
Press: ? - help, Shift-Dir - straight line, f/p - gnoll
Aim: a gnoll, wielding a +0 whip (almost dead, 86% to hit)
The blast of sand hits the gnoll.
You kill the gnoll! 😎 MP[-1]
You lost 1 mp, and now have 11/13 mp.
There is a stone staircase leading up here.
Casting: Sandblast (safe; 1% risk of failure)
Confirm with . or Enter, or press ? or * to list all spells.
Aiming: Sandblast (safe; 1% risk of failure)
Press: ? - help, Shift-Dir - straight line, f - jelly
Aim: a jelly (100% to hit)
The blast of sand hits the jelly!!
You kill the jelly! 😎 MP[-1]
You lost 1 mp, and now have 10/13 mp.
Casting: Sandblast (safe; 1% risk of failure)
Confirm with . or Enter, or press ? or * to list all spells.
Aiming: Stone Arrow (dangerous; 2% risk of failure)
Press: ? - help, Shift-Dir - straight line, f - gnoll sergeant
Aim: a gnoll sergeant, wielding a +0 spear and wearing a +0 ring mail (81% to hit)
The stone arrow hits the gnoll sergeant! 😎 MP[-3]
You lost 3 mp, and now have 7/13 mp.
Casting: Stone Arrow (dangerous; 2% risk of failure)
Confirm with . or Enter, or press ? or * to list all spells.
Aiming: Stone Arrow (dangerous; 2% risk of failure)
Press: ? - help, Shift-Dir - straight line, f/p - gnoll sergeant
Aim: a gnoll sergeant, wielding a +0 spear and wearing a +0 ring mail (heavily wounded, 81% to hit)
The stone arrow hits the gnoll sergeant!
The gnoll sergeant hits you but does no damage. 😎 MP[-2]
You lost 2 mp, and now have 5/13 mp.
Unknown command.
Casting: Stone Arrow (dangerous; 2% risk of failure)
Confirm with . or Enter, or press ? or * to list all spells.
Aiming: Sandblast (safe; 1% risk of failure)
Press: ? - help, Shift-Dir - straight line, f/p - gnoll sergeant
Aim: a gnoll sergeant, wielding a +0 spear and wearing a +0 ring mail (almost dead, 88% to hit)
The blast of sand misses the gnoll sergeant.
The gnoll sergeant hits you from afar with a +0 spear!
The gnoll hits you from afar with a +0 halberd.
The gnoll sergeant hits you from afar with a +0 spear!
* * * LOW HITPOINT WARNING * * *
😨 HP[-21] MP[-1]
You take 21 damage, and now have 15/36 hp.
MASSIVE DAMAGE!! (PAUSE)
You lost 1 mp, and now have 4/13 mp.
Casting: Sandblast (safe; 1% risk of failure)
Confirm with . or Enter, or press ? or * to list all spells.
Aiming: Sandblast (safe; 1% risk of failure)
Press: ? - help, Shift-Dir - straight line, f/p - gnoll sergeant
Aim: a gnoll sergeant, wielding a +0 spear and wearing a +0 ring mail (almost dead, 88% to hit)
The blast of sand hits the gnoll sergeant.
The gnoll sergeant misses you. The gnoll hits you with a +0 flail.
* * * LOW HITPOINT WARNING * * *
The gnoll hits you from afar with a +0 halberd.
* * * LOW HITPOINT WARNING * * *
😱 HP[-8] MP[-1]
You take 8 damage, and now have 7/36 hp.
MASSIVE DAMAGE!! (PAUSE)
You lost 1 mp, and now have 3/13 mp.
Unknown command.
The gnoll sergeant hits you from afar with a +0 spear.
* * * LOW HITPOINT WARNING * * *
The gnoll hits you with a +0 flail.
* * * LOW HITPOINT WARNING * * *
The gnoll hits you from afar with a +0 halberd.
You die...

Skill      XL: |  1  2  3  4  5  6 |
---------------+-------------------+-----
Earth Magic    | 4 5 6 |  6.4
Conjurations   | 1 2 3 5 |  5.9
Spellcasting   | 3 4 |  4.4
Dodging        | |  1.5
Stealth        | |  2.1
Transmutations | |  0.7

Action                     |  1- 3 |  4- 6 |  7- 9 || total
---------------------------+-------+-------+-------++-------
  Melee: Dagger            |    11 |    14 |     5 ||    30
         Unarmed           |     1 |       |       ||     1
   Cast: Sandblast         |    27 |    70 |    17 ||   114
         Stone Arrow       |       |       |     2 ||     2
    Use: Scroll            |       |    18 |     2 ||    20
         Potion            |       |       |     1 ||     1
   Stab: Sleeping          |     1 |     4 |       ||     5
 Armour: Robe              |     6 |    11 |     5 ||    22
  Dodge: Dodged            |    14 |    28 |     8 ||    50

Levels and vault maps discovered:
D:1:      minmay_arrival_five_plusses, layout_loops_corners
D:2:      layout_basic, kennysheep_flooded_box, kennysheep_potato, uniq_terence
D:3:      layout_rooms, hellmonk_ghost_happy_afterlife, uniq_crazy_yiuf_cottage
D:4:      layout_loops_cross, nicolae_overflow_crystal_walls, serial_shops,
          shop, minivault_4
D:5:      layout_cave_pods, minitemple, serial_shops, nicolae_shop_behind_doors,
          uniq_eustachio
D:6:      layout_rooms, mainiacjoe_overflow_brackets,
          dreamdust_princess_corridor

Notes
Turn   | Place    | Note
-------+----------+-------------------------------------------
     0 | D:1      | kae the Gargoyle Earth Elementalist began the quest for the
                  | Orb.
     0 | D:1      | Reached XP level 1. HP: 10/10 MP: 3/3
     0 | D:1      | magus.rc [v1.11.3]
   280 | D:1      | Reached XP level 2. HP: 15/15 MP: 1/5
   360 | D:1      | Reached skill level 4 in Earth Magic
   539 | D:1      | You fall into a shaft and drop 1 floor!
   623 | D:2      | Noticed Terence
   630 | D:2      | Reached XP level 3. HP: 13/19 MP: 5/7
   979 | D:1      | Learned a level 3 spell: Stone Arrow
   982 | D:1      | Learned a level 2 spell: Passwall
  1134 | D:2      | Killed Terence
  1135 | D:2      | Reached skill level 1 in Conjurations
  1135 | D:2      | Reached XP level 4. HP: 16/24 MP: 4/8
  1393 | D:2      | Reached skill level 3 in Spellcasting
  1525 | D:2      | Reached skill level 2 in Conjurations
  1552 | D:2      | You pick up a book of Callings and begin reading...
  1552 | D:2      | You add the spells Summon Small Mammal, Call Canine
                  | Familiar and Summon Guardian Golem to your library.
  1632 | D:3      | Noticed a scorpion
  1657 | D:3      | Killed a scorpion
  1658 | D:3      | Reached skill level 5 in Earth Magic
  1658 | D:3      | Reached XP level 5. HP: 26/28 MP: 5/9
  1879 | D:3      | Found a runed translucent door.
  1884 | D:3      | Noticed zkyp's ghost (amateur BaMo)
  1964 | D:3      | You pick up a book of Death and begin reading...
  1964 | D:3      | You add the spells Animate Dead, Haunt and Infestation to
                  | your library.
  2132 | D:3      | Reached skill level 3 in Conjurations
  2451 | D:4      | Reached XP level 6. HP: 32/32 MP: 8/11
  2681 | D:4      | Found a hide-covered altar of Uskayaw.
  2825 | D:4      | Found Roirchosk's General Store.
  2840 | D:4      | Bought 2 scrolls of identify for 56 gold pieces
  2840 | D:4      | Bought a scroll of identify for 28 gold pieces
  3082 | D:5      | Entered Level 5 of the Dungeon
  3104 | D:5      | Reached skill level 4 in Conjurations
  3148 | D:5      | You pick up a book of Blood and begin reading...
  3148 | D:5      | You add the spells Wereblood and Summon Hydra to your
                  | library.
  3615 | D:5      | Noticed an ice beast
  3620 | D:5      | Killed an ice beast
  3621 | D:5      | Reached skill level 4 in Spellcasting
  3621 | D:5      | Reached skill level 5 in Conjurations
  3621 | D:5      | Reached skill level 6 in Earth Magic
  3621 | D:5      | Reached XP level 7. HP: 26/36 MP: 7/13
  3882 | D:5      | Found Meuv's Book Shop.
  3970 | D:5      | Found an ornate altar of the Wu Jian Council.
  3976 | D:5      | Found a burning altar of Makhleb.
  3990 | D:5      | Noticed Eustachio
  3994 | D:5      | Killed Eustachio
  4075 | D:6      | HP: 7/36 [gnoll/+0 halberd[a gnoll sergeant] (4)]
  4076 | D:6      | HP: 2/36 [gnoll/+0 flail[a gnoll sergeant] (5)]
  4076 | D:6      | Slain by a gnoll

Vanquished Creatures
  Eustachio (D:5)
  An ice beast (D:5)
  A necrophage (D:5)
  A scorpion (D:3)
  2 hounds
  2 jellies
  An orc priest (D:4)
  An orc wizard (D:5)
  2 iguanas (D:5)
  Terence (D:2)
  7 adders
  A gnoll (D:6)
  A shadow imp (D:5)
  2 worms (D:2)
  2 dart slugs
  8 orcs
  6 ball pythons
  4 bats
  9 endoplasms
  4 giant cockroaches
  3 goblins
  5 hobgoblins
  3 quokkas
  4 frilled lizards
  4 kobolds
  3 rats
79 creatures vanquished.

Table legend:
 A = Non-vault XP
 B = Vault XP
 C = Vault XP percentage of total XP
 D = Non-vault monster count
 E = Vault monster count
 F = Vault count percentage of total count
                 A         B        C        D         E       F
            +---------+---------+-------+---------+---------+-------
      Total |     849 |     243 |  22.3 |      75 |       4 |   5.1
            +---------+---------+-------+---------+---------+-------
        D:1 |      24 |       0 |   0.0 |      14 |       0 |   0.0
        D:2 |      57 |      47 |  45.2 |      16 |       3 |  15.8
        D:3 |     147 |       0 |   0.0 |      13 |       0 |   0.0
        D:4 |     138 |       0 |   0.0 |      17 |       0 |   0.0
        D:5 |     427 |     196 |  31.5 |      13 |       1 |   7.1
        D:6 |      56 |       0 |   0.0 |       2 |       0 |   0.0
            +---------+---------+-------+---------+---------+-------

Illustrated notes

Table legend:
 A = Kills in this place as a percentage of kills in entire the game.
 B = Kills by you in this place as a percentage of kills by you in the entire game.
 C = Kills by friends in this place as a percentage of kills by friends in the entire game.
 D = Other kills in this place as a percentage of other kills in the entire game.
 E = Experience gained in this place as a percentage of experience gained in the entire game.
 F = Experience gained in this place divided by the number of levels of this place that you have seen.
                   A       B       C       D       E      F
               +-------+-------+-------+-------+-------+----------------------
         Total | 100.0 | 100.0 |   N/A |   N/A | 100.0 | 182.0
       Dungeon | 100.0 | 100.0 |   N/A |   N/A | 100.0 | 182.0
               +-------+-------+-------+-------+-------+----------------------

Table legend: (Time is in decaauts)
 A = Elapsed time spent in this place.
 B = Non-inter-level travel time spent in this place.
 C = Inter-level travel time spent in this place.
 D = Time resting spent in this place.
 E = Time spent auto-exploring this place.
 F = Levels seen in this place.
 G = Mean time per level.
                   A        B        C        D        E       F      G
               +--------+--------+--------+--------+--------+-----+--------+
         Total |   4141 |   3972 |    169 |     75 |   3394 |   6 |  690.2 |
       Dungeon |   4141 |   3972 |    169 |     75 |   3394 |   6 |  690.2 |
               +--------+--------+--------+--------+--------+-----+--------+

Top non-repeatable levels by time:
     D:5: 1005 daAuts
     D:1: 932 daAuts
     D:4: 775 daAuts
     D:2: 723 daAuts
     D:3: 689 daAuts
     D:6: 14 daAuts
